 Dungeon Crawl Stone Soup version 0.25.0-9-g26727b657a (webtiles) character file.

Game seed: 429488106768668445

91 dengdeng the Chopper (level 4, -3/41 HPs)
             Began as a Minotaur Berserker on June 21, 2020.
             Was a Believer of Trog.
             Slain by a sky beast (6 damage)
             ... on level 3 of the Dungeon.
             The game lasted 00:04:48 (2627 turns).

dengdeng the Chopper (Minotaur Berserker)           Turns: 2627, Time: 00:04:49

Health: -3/41      AC:  5    Str: 23    XL:     4   Next: 33%
Magic:  3/3        EV: 11    Int:  4    God:    Trog [**....]
Gold:   115        SH:  0    Dex:  9    Spells: 3/3 levels left

rFire    . . .     SeeInvis .   h - +0 hand axe (curse)
rCold    . . .     Gourm    .   (no shield)
rNeg     . . .     Faith    .   a - +0 ring mail
rPois    .         Spirit   .   (helmet restricted)
rElec    .         Reflect  .   b - scarf {harm}
rCorr    .         Harm     .   (no gloves)
MR       .....                  (no boots)
Stlth    ..........             (no amulet)
HPRegen  0.13/turn              (no ring)
MPRegen  0.08/turn              (no ring)

@: no status effects
A: retaliatory headbutt, horns 2
a: Berserk, Trog's Hand, Renounce Religion


You were on level 3 of the Dungeon.
You worshipped Trog.
Trog was pleased with you.
You were not hungry.

You visited 1 branch of the dungeon, and saw 3 of its levels.

You collected 115 gold pieces.

Inventory:

Hand Weapons
 h - a cursed +0 hand axe (weapon)
Missiles
 d - 90 stones (quivered)
Armour
 a - a +0 ring mail (worn)
 b - a scarf of harm (worn)
Scrolls
 f - 3 scrolls of identify {unknown}
 g - 2 scrolls of fog {unknown}
 k - a scroll of random uselessness {unknown}
 l - a scroll of fear {unknown}
 m - 3 scrolls of remove curse {unknown}
Potions
 e - a potion of stabbing {unknown}
 i - a potion of degeneration {unknown}
Comestibles
 c - 2 rations


   Skills:
 + Level 4.4 Fighting
 + Level 4.7 Axes
 + Level 0.1 Throwing
 * Level 3.6 Armour
 + Level 2.5 Dodging


You had 3 spell levels left.
You didn't know any spells.
Your spell library was empty.

Dungeon Overview and Level Annotations

Branches:
Dungeon (3/15)

Altars:


Innate Abilities, Weirdness & Mutations

You reflexively headbutt those who attack you in melee.
You have a pair of horns on your head.


Message History

You miss something. Something hits you. Something shocks you.
You hit something. Something hits you. Something shocks you.
You closely miss something.
A sky beast appears from thin air!
Reactivating autopickup.
The sky beast hits you but does no damage.
You hit the sky beast.
The sky beast is almost dead.
The sky beast hits you. The sky beast shocks you.
You barely miss the sky beast.
The sky beast is almost dead.
The sky beast hits you.
* * * LOW HITPOINT WARNING * * *
The sky beast shocks you.
* * * LOW HITPOINT WARNING * * *
You hit the sky beast but do no damage. Your headbutt misses the sky beast.
The sky beast is almost dead.
The sky beast hits you.
* * * LOW HITPOINT WARNING * * *
The sky beast shocks you.
You die...

....###<.......
.........#####.
#.#.###..#####. #
#..#..... #
#.###..#.....
#.#..........#.
................
#.#.#.###........
......Y@...#.#.##
#...#.###........
.............#.##
.........##.#.#
........... ...
##...%..... .....
....##..#. ....
.... ..... # .#.
#..#..


You could see a sky beast.

Vanquished Creatures
  3 adders (D:2)
  An ooze (D:1)
  A worm (D:2)
  2 leopard geckos (D:2)
  An orc (D:2)
  6 bats (D:1)
  4 giant cockroaches
  6 goblins
  3 hobgoblins
  4 jackals (D:1)
  10 kobolds
  2 quokkas (D:2)
  A frilled lizard (D:1)
  A giant cockroach zombie (D:2)
  A rat (D:2)
46 creatures vanquished.

Notes
Turn   | Place    | Note
-------+----------+-------------------------------------------
     0 | D:1      | dengdeng the Minotaur Berserker began the quest for the
                  | Orb.
     0 | D:1      | Reached XP level 1. HP: 19/19 MP: 0/0
   179 | D:1      | Reached XP level 2. HP: 8/27 MP: 1/1
   427 | D:1      | You fall into a shaft and drop 1 floor!
   715 | D:1      | Reached XP level 3. HP: 33/33 MP: 2/2
  1036 | D:1      | Reached ** piety under Trog
  1656 | D:2      | Reached XP level 4. HP: 36/41 MP: 3/3
  2612 | D:3      | Noticed a sky beast
  2627 | D:3      | Slain by a sky beast

Illustrated notes

Levels and vault maps discovered:
D:1:      lightli_arrival_farm, layout_basic, serial_forest,
          infiniplex_forest_zigzag_1, infiniplex_forest_lined_room_2,
          infiniplex_forest_clump_double, infiniplex_forest_clump_double,
          infiniplex_forest_zigzag_1, infiniplex_forest_3_way,
          minmay_pentomino_z2
D:2:      layout_basic, lemuel_flame_loot_1
D:3:      layout_basic, serial_undead, serial_undead_b, serial_undead_b,
          serial_undead_e, serial_undead_b, serial_undead_c, serial_undead_d,
          first_ration, minmay_fractal_squares_diagonal_5, uniq_ijyb

Skill      XL: |  1  2  3 |
---------------+----------+-----
Fighting       | 4 |  4.4
Axes           | 4 |  4.7
Armour         | 3 |  3.6
Throwing       | |  0.1
Dodging        | |  2.5

Action                   |  1- 3 |  4- 6 || total
-------------------------+-------+-------++-------
Melee: Hand axe          |    81 |    24 ||   105
       Headbutt          |     7 |     4 ||    11
Throw: Stone             |     4 |       ||     4
Invok: Berserk           |     1 |       ||     1
  Eat: Chunk             |     3 |     3 ||     6
Armor: Animal skin       |     8 |       ||     8
       Ring mail         |    16 |     9 ||    25
Dodge: Dodged            |    73 |     9 ||    82
